 Dungeon Crawl Stone Soup version 0.30-a0-1160-g6e42c06551 (webtiles) character file.

Game seed: 16717438651499149973

228 Sobieck the Ruffian (level 5, -2/53 HPs)
             Began as a Troll Fighter on Apr 25, 2023.
             Slain by a gnoll
             ... wielding a +0 spear
              (7 damage)
             ... on level 2 of the Dungeon.
             The game lasted 00:02:29 (1363 turns).

Sobieck the Ruffian (Troll Fighter)                 Turns: 1363, Time: 00:02:30

Health: -2/53      AC:  5    Str: 24    XL:     5   Next: 71%
Magic:  4/4        EV:  8    Int:  6    God:
Gold:   135        SH:  8    Dex:  9    Spells: 4/4 levels left

rFire   . .          .
                       - Unarmed
rCold   . . .        b - +0 kite shield
rNeg    . . .        a - +0 robe
rPois   .            (helmet restricted)
rElec   .            x - +0 cloak
rCorr   .            (gloves unavailable)
SInv    .            (boots unavailable)
Will    .....        (no amulet)
Stlth   +            (no ring)
HPRegen 1.08/turn    (no ring)
MPRegen 0.09/turn

%: no passive effects
@: mighty
A: large, unfitting armour, claws 3, regeneration 1, shaggy fur 1, tough skin 1
a: no special abilities


You were on level 2 of the Dungeon.
You visited 1 branch of the dungeon, and saw 2 of its levels.

You collected 135 gold pieces.


Innate Abilities, Weirdness & Mutations

You are too large for most types of armour.
You have claws for hands.
Your natural rate of healing is unusually fast.
You are covered in fur. (AC +1)
You have tough skin. (AC +1)


   Skills:
 + Level 3.4 Fighting
 - Level 2.4 Dodging
 + Level 3.7 Shields
 * Level 4.4 Unarmed Combat


You had 4 spell levels left.
You didn't know any spells.
Your spell library contained the following spells:

 Spells                   Type           Power      Damage    Failure   Level
 Gell's Gravitas          Tloc           0%         N/A       97%         3
 Teleport Other           Tloc           0%         N/A       97%         3
 Dispersal                Tloc           0%         N/A       100%        6

Inventory:

Hand Weapons
 f - a +0 club {mace}
   (You took it off a goblin on level 1 of the Dungeon)
 g - a +0 dagger {short}
   (You found it on level 1 of the Dungeon)
 i - a +0 club {mace}
   (You took it off a goblin on level 1 of the Dungeon)
 k - a +0 dagger {short}
   (You took it off a goblin on level 1 of the Dungeon)
 m - a +0 whip {mace}
   (You took it off a kobold on level 1 of the Dungeon)
 p - a +0 dagger {short}
   (You found it on level 1 of the Dungeon)
 q - a +0 club {mace}
   (You took it off a goblin on level 1 of the Dungeon)
 r - a +0 mace {mace}
   (You found it on level 2 of the Dungeon)
 s - a +0 short sword {short}
   (You found it on level 2 of the Dungeon)
 v - a +0 whip {mace}
   (You found it on level 2 of the Dungeon)
Missiles
 n - 20 stones (quivered) {throwing}
Armour
 a - a +0 robe (worn)
 b - a +0 kite shield (worn)
 x - a +0 cloak (worn)
   (You found it on level 2 of the Dungeon)
 y - a +0 robe
   (You took it off Sigmund on level 2 of the Dungeon)
Wands
 w - a wand of mindburst (13)
   (You found it on level 2 of the Dungeon)
Scrolls
 h - a scroll of amnesia {unknown}
 l - 2 scrolls of immolation {unknown}
 u - a scroll of poison {unknown}
Potions
 d - a potion of flight {unknown}
 e - 2 potions of degeneration {unknown}
 j - 2 potions of invisibility {unknown}
 o - a potion of haste {unknown}
 t - a potion of attraction {unknown}
 z - a potion of lignification {unknown}
 A - a potion of heal wounds {unknown}

Dungeon Overview and Level Annotations

Branches:
Dungeon (2/15) Zot: 10628

Altars:

##.##.###................#
##.##.# #.####.###########
......# #.# #.# ##.####
#.# #.######### ...# #.#
#.#.......# ...# #.#
#.#.#####.#
#..######.####.#.# #.#
...............#.#
#.########## ........##
###@# #..†........
.........# #g#
############ .........#
#g# ......[..# .g.
........## >#.#.
...#...######.##.##.
####.......... ..# #.
#...###### ### ## #...#


You could see 3 gnolls.


Message History

No target in view!
No target in view!
Okay, then.
Unknown command.
Sigmund shouts!
Danger!
Unknown command.
You block Sigmund's attack.
Unknown command.
You scratch Sigmund. Sigmund hits you but does no damage.
Unknown command.
You scratch Sigmund. You scratch Sigmund.
Sigmund points at you and mumbles some strange words.
You resist with significant effort.
Sigmund gestures wildly while chanting.
Sigmund flickers and vanishes!
Deactivating autopickup; reactivate with Ctrl-A.
Unknown command.
You scratch something. Something hits you!
You claw something!
Reactivating autopickup.
You feel a bit more experienced.
Your Fighting skill increases to level 3!
Your Unarmed Combat skill increases to level 4!
You have reached level 4!
You have reached level 5!
y - a +0 robe You see here a +0 scythe {polearm}.
Unknown command.
You now have 135 gold pieces (gained 19).
You see here a +0 flail {mace}.
A giant cockroach comes into view.
Danger!
You claw the giant cockroach!
You kill the giant cockroach!
No target in view!
Unknown command.
Unknown command.
You see here a giant cockroach corpse.
A gnoll comes into view. It is wielding a +0 flail.
The gnoll shouts!
You hear a shout!
Danger! 2 gnolls come into view.
The gnoll shouts!
A gnoll comes into view. It is wielding a +0 spear.
Found a stone staircase leading down.
The gnoll shouts!
You block the gnoll's attack. The gnoll hits you but does no damage.
You barely miss the gnoll. The gnoll hits you but does no damage.
The gnoll barely misses you.
You barely miss the gnoll.
The gnoll hits you from afar with a +0 spear.
The gnoll hits you with a +0 flail!
You claw the gnoll! The gnoll barely misses you.
The gnoll hits you with a +0 flail!
You are too injured to fight recklessly!
Unknown command.
You barely miss the gnoll. The gnoll barely misses you.
You barely miss the gnoll.
The gnoll hits you from afar with a +0 spear.
The gnoll hits you with a +0 flail!
* * * LOW HITPOINT WARNING * * *
Unknown command.
You scratch the gnoll.
The gnoll hits you from afar with a +0 spear.
* * * LOW HITPOINT WARNING * * *
You block the gnoll's attack.
You closely miss the gnoll. The gnoll barely misses you. x2
Unknown command.
You completely miss the gnoll. The gnoll hits you but does no damage.
You block the gnoll's attack.
You scratch the gnoll but do no damage.
The gnoll hits you from afar with a +0 spear.
* * * LOW HITPOINT WARNING * * *
The gnoll hits you with a +0 flail.
* * * LOW HITPOINT WARNING * * *
Unknown command.
You scratch the gnoll.
You kill the gnoll!
The gnoll barely misses you. The gnoll hits you with a +0 spear.
* * * LOW HITPOINT WARNING * * *
You see here a +0 flail {mace}.
Unknown command.
You closely miss the gnoll. The gnoll hits you with a +0 spear.
* * * LOW HITPOINT WARNING * * *
Unknown command.
You barely miss the gnoll. The gnoll hits you with a +0 spear.
* * * LOW HITPOINT WARNING * * *
Unknown command.
You scratch the gnoll but do no damage. The gnoll hits you with a +0 spear.
* * * LOW HITPOINT WARNING * * *
Unknown command.
You scratch the gnoll. The gnoll hits you with a +0 spear.
* * * LOW HITPOINT WARNING * * *
Unknown command.
You feel very mighty all of a sudden. The gnoll hits you with a +0 spear!
You die...

Skill      XL: |  1  2  3 |
---------------+----------+-----
Shields        | 3 |  3.7
Unarmed Combat | 4 |  4.4
Fighting       | 3 |  3.4
Dodging        | |  2.4

Action                     |  1- 3 |  4- 6 || total
---------------------------+-------+-------++-------
  Melee: Unarmed           |    87 |    15 ||   102
    Use: Potion            |       |     1 ||     1
   Stab: Sleeping          |     2 |       ||     2
 Armour: Robe              |    28 |     3 ||    31
  Dodge: Dodged            |    31 |     6 ||    37
  Block: Kite shield       |    21 |     3 ||    24

Levels and vault maps discovered:
D:1:      nagdon_arrival_zigzag_paths, layout_loops_corners
D:2:      layout_loops_ring, minmay_quadrilaterals, uniq_robin, uniq_sigmund

Notes
Turn   | Place    | Note
-------+----------+-------------------------------------------
     0 | D:1      | Sobieck the Troll Fighter began the quest for the Orb.
     0 | D:1      | Reached XP level 1. HP: 22/22 MP: 0/0
   257 | D:1      | Reached XP level 2. HP: 29/29 MP: 1/1
   269 | D:1      | Reached skill level 3 in Shields
   532 | D:1      | Reached XP level 3. HP: 36/36 MP: 2/2
  1016 | D:2      | You add the spells Gell's Gravitas, Teleport Other and
                  | Dispersal to your library.
  1118 | D:2      | Reached skill level 3 in Unarmed Combat
  1231 | D:2      | Noticed Sigmund
  1242 | D:2      | Killed Sigmund
  1243 | D:2      | Reached skill level 3 in Fighting
  1243 | D:2      | Reached skill level 4 in Unarmed Combat
  1243 | D:2      | Reached XP level 4. HP: 33/45 MP: 3/3
  1243 | D:2      | Reached XP level 5. HP: 39/53 MP: 4/4
  1356 | D:2      | HP: 9/53 [gnoll/+0 flail (5)]
  1361 | D:2      | HP: 7/53 [gnoll/+0 spear (1)]
  1363 | D:2      | Slain by a gnoll

Vanquished Creatures
  Sigmund (D:2)
  A gnoll (D:2)
  A dart slug (D:1)
  5 bats
  4 endoplasms
  3 giant cockroaches
  4 goblins (D:1)
  5 hobgoblins
  4 jackals (D:1)
  A kobold (D:1)
  A quokka (D:2)
  6 ball pythons
  3 frilled lizards
  5 rats
44 creatures vanquished.

Vanquished Creatures (others)
  14 toadstools (D:1)
14 creatures vanquished.

Grand Total: 58 creatures vanquished

Table legend:
 A = Non-vault XP
 B = Vault XP
 C = Vault XP percentage of total XP
 D = Non-vault monster count
 E = Vault monster count
 F = Vault count percentage of total count
                 A         B        C        D         E       F
            +---------+---------+-------+---------+---------+-------
      Total |      84 |     243 |  74.3 |      40 |       4 |   9.1
            +---------+---------+-------+---------+---------+-------
        D:1 |      50 |       0 |   0.0 |      28 |       0 |   0.0
        D:2 |      34 |     243 |  87.7 |      12 |       4 |  25.0
            +---------+---------+-------+---------+---------+-------

Skill      XL: |  1  2  3 |
---------------+----------+-----
Shields        | 3 |  3.7
Unarmed Combat | 4 |  4.4
Fighting       | 3 |  3.4
Dodging        | |  2.4

Action                     |  1- 3 |  4- 6 || total
---------------------------+-------+-------++-------
  Melee: Unarmed           |    87 |    15 ||   102
    Use: Potion            |       |     1 ||     1
   Stab: Sleeping          |     2 |       ||     2
 Armour: Robe              |    28 |     3 ||    31
  Dodge: Dodged            |    31 |     6 ||    37
  Block: Kite shield       |    21 |     3 ||    24

Illustrated notes

Table legend:
 A = Kills in this place as a percentage of kills in the entire game.
 B = Kills by you in this place as a percentage of kills by you in the entire game.
 C = Kills by friends in this place as a percentage of kills by friends in the entire game.
 D = Other kills in this place as a percentage of other kills in the entire game.
 E = Experience gained in this place as a percentage of experience gained in the entire game.
 F = Experience gained in this place divided by the number of levels of this place that you have seen.
                   A       B       C       D       E      F
               +-------+-------+-------+-------+-------+----------------------
         Total | 100.0 | 100.0 |   N/A |   N/A | 100.0 | 163.5
       Dungeon | 100.0 | 100.0 |   N/A |   N/A | 100.0 | 163.5
               +-------+-------+-------+-------+-------+----------------------

Table legend: (Time is in decaauts)
 A = Elapsed time spent in this place.
 B = Non-inter-level travel time spent in this place.
 C = Inter-level travel time spent in this place.
 D = Time resting spent in this place.
 E = Time spent auto-exploring this place.
 F = Levels seen in this place.
 G = Mean time per level.
                   A        B        C        D        E       F      G
               +--------+--------+--------+--------+--------+-----+--------+
         Total |   1370 |   1361 |      9 |      0 |   1107 |   2 |  685.0 |
       Dungeon |   1370 |   1361 |      9 |      0 |   1107 |   2 |  685.0 |
               +--------+--------+--------+--------+--------+-----+--------+

Top non-repeatable levels by time:
     D:1: 850 daAuts
     D:2: 519 daAuts
